 Dungeon Crawl Stone Soup version 0.28.0-53-g5a82cb258f (webtiles) character file.

Game seed: 619247222706737030

28 protoss039 the Digger (level 3, 22/26 HPs)
             Began as a Demonspawn Earth Elementalist on June 16, 2022.
             Got out of the dungeon alive.
             The game lasted 00:01:13 (1183 turns).

protoss039 the Digger (DsEE)                        Turns: 1183, Time: 00:01:13

Health: 22/26      AC:  3    Str:  8    XL:     3   Next: 0%
Magic:  6/6        EV: 11    Int: 18    God:
Gold:   9          SH:  0    Dex: 13    Spells: 3/6 levels left

rFire   . . .      SeeInvis .   e - +0 short sword
rCold   . . .      Faith    .   (no shield)
rNeg    . . .      Spirit   .   g - +0 leather armour
rPois   .          Reflect  .   (no helmet)
rElec   .          Harm     .   (no cloak)
rCorr   .          Rampage  .   (no gloves)
Will    .....                   (no boots)
Stlth   ++........              (no amulet)
HPRegen 0.08/turn               (no ring)
MPRegen 0.10/turn               (no ring)

@: no status effects
A: hooves 1, demonic guardian 1
a: no special abilities


You escaped.
You visited 1 branch of the dungeon, and saw 2 of its levels.

You collected 9 gold pieces.

Inventory:

Hand Weapons
 e - a +0 short sword (weapon)
Missiles
 c - 40 stones
Armour
 g - a +0 leather armour (worn)
Scrolls
 a - a scroll of torment {unknown}
 d - a scroll of brand weapon {unknown}
 f - a scroll of identify {unknown}
Potions
 b - a potion of attraction {unknown}


   Skills:
 * Level 1.5 Fighting
 + Level 0.8 Armour
 - Level 1.7 Dodging
 - Level 1.7 Stealth
 + Level 2.2 Spellcasting
 - Level 1.0 Transmutations
 + Level 2.9 Earth Magic


You had 3 spell levels left.
You knew the following spells:

 Your Spells              Type           Power      Damage    Failure   Level
a - Sandblast             Erth           24%        2d8       8%          1
b - Passwall              Tmut/Erth      7%         N/A       17%         2

Your spell library contained the following spells:

 Spells                   Type           Power      Damage    Failure   Level
 Stone Arrow              Conj/Erth      14%        3d7       38%         3
 Petrify                  Tmut/Erth      9%         N/A       73%         4


Dungeon Overview and Level Annotations

Branches:
Dungeon (2/15)

Altars:

Shops:
D:1 (


Innate Abilities, Weirdness & Mutations

You have large cloven feet.
A weak demonic guardian rushes to your aid.


Message History

A kobold is nearby!
You hit the kobold but do no damage. Your kick misses the kobold.
The kobold closely misses you.
A kobold is nearby!
You hit the kobold. You kick the kobold, but do no damage.
The kobold is moderately wounded.
The kobold hits you but does no damage.
A kobold is nearby!
You closely miss the kobold. Your kick misses the kobold.
The kobold is moderately wounded.
The kobold hits you with a +0 short sword.
You hit the kobold. Your kick misses the kobold.
The kobold is severely wounded.
The kobold hits you with a +0 short sword.
A kobold is nearby!
You closely miss the kobold.
The kobold is severely wounded.
The kobold hits you with a +0 short sword.
A kobold is nearby!
You closely miss the kobold.
The kobold is severely wounded.
The kobold misses you.
Unknown command.
You miss the kobold.
The kobold is severely wounded.
The kobold barely misses you.
Unknown command.
You hit the kobold.
You kill the kobold!
You have reached level 3!
Your experience leads to an increase in your attributes!
Increase (S)trength, (I)ntelligence, or (D)exterity?
You feel clever. x2; Your demonic ancestry asserts itself...
You feel the presence of a demonic guardian.
Unknown command.
You climb upwards.
There is a stone staircase leading down here.
There is a staircase leading out of the dungeon here.
Are you sure you want to leave the Dungeon?
This will make you lose the game!
You have escaped!

#.####......# ##.......## #.
..####.§....## ##...#.##..## #.
....##.......###...##..#...## #.
....##.....#.##...###..#.#..## #.
....##.....#.#...## #....##..###.
##.....§...#.#..## #.##.###..##.
##.###..§..#.#...####.##.# ##..##
......)....#.#....#......# ##...
.#.#.....#.#.##.@.#.####.# ##..
...#.......#.#....#......# ##...
...#.#######.#...####.#..# ##..##
...#.......#.#..## #.##.###..##.
...#.#####...##..## #.#..##..##..
...#.......#..#...###..#.#..###..
##########.#..##...##..#...## #..
#.#...##...#.##..## #..
#.###..##.......#######.


There were no monsters in sight!

Vanquished Creatures
  A gnoll (D:1)
  2 bats (D:1)
  3 goblins (D:1)
  2 hobgoblins (D:1)
  3 kobolds
  A quokka (D:1)
  A ball python (D:1)
  A frilled lizard (D:1)
  4 rats (D:1)
18 creatures vanquished.

Notes
Turn   | Place    | Note
-------+----------+-------------------------------------------
     0 | D:1      | protoss039 the Demonspawn Earth Elementalist began the
                  | quest for the Orb.
     0 | D:1      | Reached XP level 1. HP: 13/13 MP: 3/3
    66 | D:1      | Reached skill level 1 in Transmutations
   268 | D:1      | Reached skill level 1 in Fighting
   268 | D:1      | Gained mutation: You have large cloven feet. [demonic
                  | ancestry]
   268 | D:1      | Reached XP level 2. HP: 16/21 MP: 5/5
   542 | D:1      | Found a faded altar of an unknown god.
  1045 | D:1      | Found Soocin's Weapon Emporium.
  1128 | D:1      | Learned a level 2 spell: Passwall
  1140 | D:2      | Gained mutation: A weak demonic guardian rushes to your
                  | aid. [demonic ancestry]
  1140 | D:2      | Reached XP level 3. HP: 19/26 MP: 6/6
  1183 | D:$      | Got out of the dungeon alive.

Illustrated notes

Levels and vault maps discovered:
D:1:      dpeg_chamrin_arrival_tetris, layout_basic, serial_shops,
          nicolae_shop_bloodbath_and_beyond, ebering_ecumenical_altar_mist,
          serial_bayou_pond_e
D:2:      layout_loops_ring, serial_shops, shop

Skill      XL: |  1 |
---------------+----+-----
Transmutations | 1 |  1.0
Fighting       | 1 |  1.5
Armour         | |  0.8
Dodging        | |  1.7
Stealth        | |  1.7
Spellcasting   | |  2.2
Earth Magic    | |  2.9

Action                   || total
-------------------------++-------
Melee: Short sword       ||    57
       Kick              ||     5
 Cast: Sandblast         ||     8
 Stab: Sleeping          ||     1
Armor: Robe              ||    14
       Leather armour    ||     1
Dodge: Dodged            ||    42
